 Dungeon Crawl Stone Soup version 0.22-a0-422-g9628fc8 (webtiles) character file.

8510 Mgcat the Frost Mage (level 11, -2/77 HPs)
             Began as a Merfolk Ice Elementalist on May 20, 2018.
             Was a Priest of Vehumet.
             Slain by a sky beast (6 damage)
             ... on level 10 of the Dungeon.
             The game lasted 00:43:48 (14111 turns).

Mgcat the Frost Mage (Merfolk Ice Elementalist)    Turns: 14111, Time: 00:43:49

Health: -2/77      AC:  5    Str: 13    XL:     11   Next: 32%
Magic:  32/32      EV: 23    Int: 21    God:    Vehumet [***...]
Gold:   627        SH:  0    Dex: 27    Spells: 9/26 levels left

rFire    x . .     SeeInvis .   v - +2 trident (protect)
rCold    . . .     Gourm    .   (no shield)
rNeg     . . .     Faith    .   y - +1 robe {Archmagi}
rPois    .         Spirit   .   k - +0 helmet
rElec    .         Reflect  .   (no cloak)
rCorr    .         Harm     .   g - +0 pair of gloves
MR       .....                  (no boots)
Stlth    +++.......             (no amulet)
HPRegen  0.22/turn              z - ring "Miuguakk" {rC- MP+9 Int+2 Dex+8}
MPRegen  0.23/turn              u - ring of the Philosopher {Ice Str+5}

@: confused, agile, hasted, very quick
A: change form in water, swift swim, stealthy swim
a: Renounce Religion


You were on level 10 of the Dungeon.
You worshipped Vehumet.
Vehumet was most pleased with you.
You were hungry.

You visited 1 branch of the dungeon, and saw 10 of its levels.
You also visited: Bailey.

You collected 627 gold pieces.

Inventory:

Hand Weapons
 v - a +2 trident of protection (weapon)
   (You took it off an orc on level 3 of the Dungeon)
Armour
 g - a +0 pair of gloves (worn)
   (You found it on level 1 of the Dungeon)
 k - a +0 helmet (worn)
   (You took it off Robin on level 2 of the Dungeon)
 y - a +1 robe of the Archmagi (worn)
   (You took it off Pikel on level 5 of the Dungeon)
 A - a +1 shield of reflection
   (You found it in a bailey)
Jewellery
 e - an uncursed ring of fire {rF+, rC-}
   (You found it on level 4 of the Dungeon)
 l - an uncursed ring of poison resistance {rPois, !d}
   (You found it on level 7 of the Dungeon)
 m - an uncursed ring of see invisible {sInv, !d}
   (You took it off an orc on level 4 of the Dungeon)
 s - an uncursed ring of resist corrosion
   (You found it on level 4 of the Dungeon)
 u - the ring of the Philosopher (right hand) {Ice Str+5}
   (You acquired it on level 9 of the Dungeon)

   [ring of ice]

   It enhances your ice magic.
   It affects your strength (+5).
   It makes you vulnerable to fire.
   It protects you from cold.
 z - the ring "Miuguakk" (left hand) {rC- MP+9 Int+2 Dex+8}
   (You found it in a bailey)

   [ring of magical power]

   It affects your intelligence (+2).
   It affects your dexterity (+8).
   It makes you vulnerable to cold.
   It affects your magic capacity (+9).
Wands
 a - a wand of flame (22)
   (You took it off a crimson imp on level 7 of the Dungeon)
 w - a wand of acid (8)
   (You found it on level 5 of the Dungeon)
Scrolls
 d - 2 scrolls of fear {unknown}
 f - 5 scrolls of identify
 h - a scroll of immolation {!r}
 i - 3 scrolls of blinking {!r}
 j - 6 scrolls of teleportation
 n - 6 scrolls of remove curse
 q - a scroll of noise {unknown}
 t - a scroll of magic mapping {unknown}
 D - a scroll of enchant weapon {unknown}
 E - 2 scrolls of amnesia {unknown}
Potions
 o - 2 potions of lignification {!q}
 r - a potion of might
 x - 6 potions of curing
Comestibles
 c - 9 rations
 F - 13 chunks of flesh {@w0}


   Skills:
 + Level 4.1 Fighting
 + Level 5.8 Dodging
 - Level 5.0 Stealth
 + Level 8.2 Spellcasting
 + Level 7.0 Conjurations
 - Level 3.1 Charms
 - Level 5.0 Summonings
 - Level 0.2 Fire Magic
 + Level 9.9 Ice Magic


You had 9 spell levels left.
You knew the following spells:

 Your Spells              Type           Power        Failure   Level  Hunger
a - Freeze                Ice            ####         1%          1    None
b - Throw Frost           Conj/Ice       ######       1%          2    None
c - Ozocubu's Armour      Chrm/Ice       ######..     1%          3    None
d - Throw Icicle          Conj/Ice       #######.     1%          4    ###....
e - Magic Dart            Conj           ####         1%          1    None
f - Summon Ice Beast      Ice/Summ       ######..     3%          4    ###....
g - Throw Flame           Conj/Fire      #####.       1%          2    None

Your spell library contained the following spells:

 Spells                   Type           Power        Failure   Level  Hunger
 Conjure Flame            Conj/Fire      #####...     1%          3    None
 Slow                     Hex            ##......     12%         2    None
 Mephitic Cloud           Conj/Pois/Air  ####....     2%          3    None
 Summon Small Mammal      Summ           ####         1%          1    None
 Blink                    Tloc           N/A          12%         2    None
 Call Imp                 Summ           #####...     1%          2    None
 Call Canine Familiar     Summ           #####...     3%          3    None
 Summon Lightning Spire   Summ/Air       ####....     28%         4    ###....
 Summon Guardian Golem    Hex/Summ       ####....     9%          3    None


Dungeon Overview and Level Annotations

Branches:
Dungeon (10/15)            Temple (0/1) D:7            Lair (0/6) D:9
    Orc (0/2) D:9

Altars:
Ashenzari
Dithmenos
Elyvilon
Fedhas
Hepliaklqana
Qazlal
Ru
Trog
Uskayaw
Vehumet
Xom
Yredelemnul
Zin
The Shining One
Beogh

Shops:
D:8 =*

Annotations:
D:6 1 runed door, exclusion: Eustachio, Eustachio


Message History

The ogre hits your ice beast with a giant club!
The two-headed ogre barely misses you.
The two-headed ogre hits you but does no damage.
It was a potion of magic.
Magic courses through your body. The hound bites you but does no damage.
The troll bites you but does no damage. The troll claws you but does no damage.
The troll claws you.
Your ice beast barely misses the hound.
The hound bites you but does no damage.
You're too confused to cast spells.
You're too confused to cast spells.
You're too confused to cast spells.
You're too confused to cast spells.
You're too confused to cast spells.
You cannot move. (Use ctrl+direction to attack without moving.)
You cannot move. (Use ctrl+direction to attack without moving.) Unknown command.
Are you sure you want to swing wildly while confused and next to your ice beast?
Okay, then.
Unknown command.
Unknown command.
The ogre barely misses your ice beast.
The two-headed ogre hits you with a giant club!
* * * LOW HITPOINT WARNING * * *
The two-headed ogre hits you with a giant spiked club.
* * * LOW HITPOINT WARNING * * *
Your ice beast hits the hound.
Your ice beast freezes the hound!
The hound dies!
Vehumet accepts your kill.
An orc comes into view. It is wielding a hand axe.
The troll bites you but does no damage.
The troll claws you but does no damage. x2
Unknown command.
Unknown command.
Unknown command.
Unknown command.
Unknown command.
Unknown command.
Unknown command.
Unknown command.
Unknown command.
Unknown command.
You feel less wooden.
Your +0 helmet unmelds from your body.
Your +0 pair of gloves unmelds from your body.
Your +1 robe of the Archmagi unmelds from your body.
You feel powerful.
Unknown command.
Unknown command.
Unknown command.
You're too confused!
Unknown command.
Unknown command.
Are you sure you want to stumble around while confused and next to your ice beast?
Okay, then.
Unknown command.
Are you sure you want to stumble around while confused and next to your ice beast?
You're too confused to move!
The ogre hits your ice beast with a giant club!!
The orc completely misses your ice beast.
Your ice beast hits the sky beast.
Your ice beast freezes the sky beast!
The troll completely misses you. The troll barely misses you.
The troll completely misses you. The sky beast completely misses you.
The two-headed ogre misses you. The two-headed ogre closely misses you.
Unknown command.
Unknown command.
Are you sure you want to stumble around while confused and next to your ice beast?
You miss your ice beast.
The ice beast is almost dead.
The ice beast hits you but does no damage.
The troll bites you.
* * * LOW HITPOINT WARNING * * *
The troll claws you.
* * * LOW HITPOINT WARNING * * *
The troll misses you.
An orc wizard comes into view. It is wielding a dagger.
The sky beast completely misses you.
Unknown command.
Unknown command.
You bump into the rock wall.
The two-headed ogre completely misses you.
The two-headed ogre closely misses you. The troll closely misses you.
The troll completely misses you. The troll closely misses you.
The ice beast barely misses you. The ogre barely misses you.
The sky beast flickers out of sight!
Deactivating autopickup; reactivate with Ctrl-A.
You closely miss the troll. The ice beast misses you.
The troll closely misses you. The troll claws you. The troll barely misses you.
Something misses you.
You bump into the rock wall.
The ogre barely misses you. The troll bites you!
* * * LOW HITPOINT WARNING * * *
The troll completely misses you. The troll closely misses you.
The orc wizard mumbles some strange words.
The orc wizard seems to speed up.
The ice beast completely misses you.
You bump into the rock wall.
Something closely misses you. The ogre closely misses you.
You bump into the rock wall.
The troll bites you!
* * * LOW HITPOINT WARNING * * *
The troll misses you. The troll completely misses you.
The ice beast closely misses you. Something hits you.
* * * LOW HITPOINT WARNING * * *
Something shocks you.
You die...

#.......<# #.......)#
####........###.
........).(.....
###....[...##..
##.........# #
#...#######...
#####..#..≈≈≈..#..
..#.###@Oo..#..≈...≈.
#.
....oYT.Y..#...≈._.≈.
#
....Z#oO#...#..≈...≈.
.....aZ##....#..≈≈≈..
>.....o ...$..#######
....#.###....#..
...... .#.#.##.#
...... .....# .#
....#. ....... #


You could see a two-headed ogre, a troll, an orc warrior, 2 ice beasts, an ogre,
a worker ant, an orc wizard, 2 orcs, a centaur warrior skeleton and a howler
monkey skeleton.

Vanquished Creatures
  Pikel (D:5)
  3 orc knights (Bailey)
  The ghost of Gorglomux the Skirmisher, a novice MiFi of Dithmenos (D:5)
  A queen bee (D:8)
  A hornet (D:8)
  A hippogriff (D:10)
  2 hungry ghosts
  A water moccasin (D:8)
  5 orc warriors
  4 ice beasts
  A sky beast (D:8)
  2 slaves (D:5)
  9 ogres
  A crocodile (D:10)
  A big kobold (D:9)
  3 bullfrogs
  Blork the orc (D:6)
  4 scorpions
  16 killer bees (D:8)
  5 howler monkeys
  2 crimson imps
  A bullfrog zombie (D:6)
  A centaur zombie (D:7)
  4 orc priests
  5 hounds
  6 orc wizards
  An iron imp (D:8)
  2 bullfrog skeletons
  A centaur skeleton (D:7)
  4 iguanas
  2 worker ants
  2 hound skeletons
  Robin (D:2)
  4 adders
  A shadow imp (D:8)
  3 oozes
  An adder zombie (D:7)
  2 adder skeletons
  A worm (D:3)
  4 dart slugs
  4 leopard geckos
  54 orcs
  2 ball pythons (D:2)
  4 bats
  5 giant cockroaches
  12 goblins
  12 hobgoblins
  11 jackals
  11 kobolds
  2 quokkas
  11 frilled lizards
  3 goblin skeletons (D:8)
  3 hobgoblin zombies (D:8)
  A jackal skeleton (D:5)
  A kobold skeleton (D:8)
  2 kobold zombies (D:8)
  An orc zombie (D:8)
  5 rats
  A spectral orc (D:7)
256 creatures vanquished.

Vanquished Creatures (collateral kills)
  Erolcha (D:10)
  A two-headed ogre (D:8)
  A basilisk (D:7)
  2 orc warriors (D:9)
  An eye of draining (D:8)
  3 howler monkeys (D:10)
  A crimson imp (D:7)
  4 orc priests
  A hound (D:10)
  A hound skeleton (D:10)
  8 orcs
24 creatures vanquished.

Grand Total: 280 creatures vanquished

Notes
Turn   | Place    | Note
-------+----------+-------------------------------------------
     0 | D:1      | Mgcat the Merfolk Ice Elementalist began the quest for the Orb.
     0 | D:1      | Reached XP level 1. HP: 13/13 MP: 3/3
   101 | D:1      | HP: 3/13 [jackal (2)]
   293 | D:1      | Reached XP level 2. HP: 15/19 MP: 3/5
   338 | D:1      | Learned a level 2 spell: Throw Frost
   788 | D:1      | Reached skill level 4 in Ice Magic
   788 | D:1      | Reached XP level 3. HP: 23/24 MP: 1/7
   853 | D:1      | Learned a level 3 spell: Ozocubu's Armour
  1224 | D:2      | Reached skill level 1 in Conjurations
  1225 | D:2      | Noticed Robin
  1238 | D:2      | Killed Robin
  1238 | D:2      | Reached XP level 4. HP: 28/30 MP: 1/8
  1405 | D:2      | Reached skill level 3 in Spellcasting
  1409 | D:2      | Reached skill level 1 in Charms
  2477 | D:3      | Reached XP level 5. HP: 35/35 MP: 4/9
  2483 | D:3      | Learned a level 4 spell: Throw Icicle
  2917 | D:3      | Found a bloodstained altar of Trog.
  3241 | D:3      | Found a white marble altar of Elyvilon.
  3291 | D:4      | Noticed a hungry ghost
  3384 | D:3      | HP: 7/35 [hungry ghost (3)]
  3399 | D:3      | HP: 6/52 [hungry ghost (2)]
  3402 | D:3      | Killed a hungry ghost
  3402 | D:3      | Reached skill level 2 in Conjurations
  3402 | D:3      | Reached skill level 2 in Charms
  3402 | D:3      | Reached skill level 5 in Ice Magic
  3402 | D:3      | Reached XP level 6. HP: 7/41 MP: 6/11
  3668 | D:3      | Learned a level 1 spell: Magic Dart
  3951 | D:4      | Reached skill level 3 in Charms
  3951 | D:4      | Reached XP level 7. HP: 21/46 MP: 1/12
  4021 | D:4      | Reached skill level 4 in Spellcasting
  5080 | D:5      | Entered Level 5 of the Dungeon
  5383 | D:5      | Found a glowing silver altar of Zin.
  5448 | D:5      | Reached skill level 3 in Conjurations
  5672 | D:5      | Reached skill level 6 in Ice Magic
  5710 | D:5      | Noticed Pikel
  6039 | D:5      | Noticed Gorglomux's ghost (novice MiFi)
  6070 | D:5      | HP: 9/46 [Gorglomux's ghost (5)]
  6071 | D:5      | Killed Gorglomux's ghost
  6071 | D:5      | Reached skill level 5 in Spellcasting
  6071 | D:5      | Reached skill level 4 in Conjurations
  6071 | D:5      | Reached XP level 8. HP: 11/52 MP: 0/15
  6717 | D:5      | Killed Pikel
  6717 | D:5      | Reached skill level 6 in Spellcasting
  6717 | D:5      | Reached skill level 7 in Ice Magic
  6717 | D:5      | Reached XP level 9. HP: 44/57 MP: 4/18
  6736 | D:5      | Learned a level 4 spell: Summon Ice Beast
  6988 | D:6      | Reached skill level 5 in Conjurations
  7022 | D:6      | Noticed Blork the orc
  7028 | D:6      | Killed Blork the orc
  7154 | D:6      | Reached skill level 8 in Ice Magic
  7202 | D:6      | Found a stormy altar of Qazlal.
  7209 | D:6      | Found a hazy altar of Hepliaklqana.
  7269 | D:6      | Found a hide-covered altar of Uskayaw.
  7362 | D:6      | Noticed Eustachio
  7411 | D:6      | Found a blossoming altar of Fedhas.
  7641 | D:6      | Reached skill level 1 in Summonings
  7742 | D:6      | Found a runed door.
  8332 | D:7      | Found a shimmering altar of Xom.
  8375 | D:7      | Reached skill level 2 in Summonings
  8628 | D:7      | Reached skill level 7 in Spellcasting
  8699 | D:7      | Found a radiant altar of Vehumet.
  8735 | D:7      | Became a worshipper of Vehumet
  9307 | D:7      | Found a basalt altar of Yredelemnul.
  9362 | D:7      | Found a staircase to the Ecumenical Temple.
  9420 | D:7      | Reached skill level 6 in Conjurations
  9420 | D:7      | Reached skill level 3 in Summonings
  9565 | D:8      | Noticed a two-headed ogre
  9571 | D:8      | Found a shattered altar of Ashenzari.
  9607 | D:8      | Reached skill level 9 in Ice Magic
  9607 | D:8      | Reached XP level 10. HP: 33/63 MP: 6/20
  9809 | D:8      | Reached skill level 1 in Fighting
  9809 | D:8      | Reached skill level 3 in Dodging
  9971 | D:8      | Found a flagged portal.
  9988 | Bailey   | Entered a bailey
 10115 | Bailey   | Noticed an orc knight
 10115 | Bailey   | Noticed an orc knight
 10115 | Bailey   | Noticed an orc knight
 10254 | Bailey   | Killed an orc knight
 10254 | Bailey   | Reached skill level 3 in Stealth
 10742 | Bailey   | Killed an orc knight
 10742 | Bailey   | Reached skill level 2 in Fighting
 10866 | Bailey   | Killed an orc knight
 10866 | Bailey   | Reached skill level 4 in Dodging
 10866 | Bailey   | Reached skill level 4 in Summonings
 11000 | Bailey   | Got a steaming iron ring
 11004 | Bailey   | Identified the ring "Miuguakk" {rC- MP+9 Int+2 Dex+8} (You found it in a bailey)
 11115 | D:8      | Found Vuutuec's Jewellery Emporium.
 11128 | D:8      | Reached * piety under Vehumet
 11128 | D:8      | Offered knowledge of Sandblast by Vehumet.
 11382 | D:8      | Reached skill level 4 in Stealth
 11717 | D:8      | Reached skill level 3 in Fighting
 11895 | D:8      | Found a glowing golden altar of the Shining One.
 12092 | D:8      | Found a glowing silver altar of Zin.
 12275 | D:8      | Found Jonaecai's Serpentskin Sales.
 12734 | D:8      | Found a shattered altar of Ashenzari.
 13031 | D:8      | Killed a two-headed ogre
 13031 | D:8      | Reached skill level 5 in Dodging
 13031 | D:8      | Reached XP level 11. HP: 75/75 MP: 22/22
 13049 | D:8      | Found a glowing silver altar of Zin.
 13087 | D:9      | Reached skill level 8 in Spellcasting
 13141 | D:9      | Found a staircase to the Lair.
 13301 | D:9      | Found a shadowy altar of Dithmenos.
 13360 | D:9      | Offered knowledge of Throw Flame by Vehumet.
 13361 | D:9      | Reached ** piety under Vehumet
 13369 | D:9      | Learned a level 2 spell: Throw Flame
 13370 | D:9      | Identified a scroll of acquirement
 13371 | D:9      | Got a wavering amber ring
 13373 | D:9      | Identified the ring of the Philosopher {Ice Str+5} (You acquired it on level 9 of the Dungeon)
 13439 | D:9      | Found a roughly hewn altar of Beogh.
 13439 | D:9      | Found a staircase to the Orcish Mines.
 13841 | D:10     | Entered Level 10 of the Dungeon
 13860 | D:10     | Offered knowledge of Ignite Poison by Vehumet.
 13943 | D:10     | Reached skill level 5 in Summonings
 13984 | D:10     | Reached skill level 5 in Stealth
 14072 | D:10     | Found a sacrificial altar of Ru.
 14078 | D:10     | Noticed Erolcha
 14078 | D:10     | Noticed a two-headed ogre
 14086 | D:10     | Reached *** piety under Vehumet
 14092 | D:10     | Killed Erolcha
 14092 | D:10     | Reached skill level 4 in Fighting
 14092 | D:10     | Reached skill level 7 in Conjurations
 14102 | D:10     | HP: 28/115 [two-headed ogre/giant club (13)]
 14109 | D:10     | HP: 15/77 [troll (13)]
 14111 | D:10     | HP: 6/77 [troll (15)]
 14111 | D:10     | Slain by a sky beast

Vault maps used:
D:1:      dpeg_arrival_long_road, due_unseen_surprise
D:2:      serial_forest, infiniplex_forest_lined_3,
          infiniplex_forest_clump_cross, infiniplex_forest_corner_2,
          infiniplex_forest_clump_large, uniq_robin
D:3:      nicolae_overflow_hidden_temple, lemuel_coloured_pillars_altar,
          first_ration, minmay_strange_pillars
D:4:      minmay_bent
D:5:      marbit_many_paths, solitary_fountain, sigmund_army, uniq_pikel
D:6:      grunt_temple_overflow_open, amethyst_overflow_temple_binary,
          uniq_eustachio, uniq_blork_the_orc, uniq_crazy_yiuf_cottage
D:7:      vehumet_crystals, lemuel_doored_altar,
          yredelemnul_forgotten_temple_becter, minmay_temple_entry_fiery
D:8:      nicolae_tso_besieged_by_evil, nicolae_ashenzari_panopticon,
          basic_altar, enter_bailey_2, serial_shops, nicolae_shop_crystal,
          david_nohive_1, guppyfry_shop_venom
D:9:      nicolae_dithmenos_through_a_glass_darkly, dpeg_oklobed_lair,
          david_orc_5
D:10:     nicolae_ru_awakened_eye, uniq_erolcha
Bailey:   bailey_polearm_1, bailey

Skill      XL: |  1  2  3  4  5  6  7  8  9 10 11 |
---------------+----------------------------------+-----
Ice Magic      | 4 5 6 7 9 |  9.9
Conjurations   | 1 2 4 6 7 |  7.0
Spellcasting   | 3 5 6 7 8 |  8.2
Charms         | 1 2 3 |  3.1
Summonings     | 3 4 5 |  5.0
Fighting       | 3 4 |  4.1
Dodging        | 5 |  5.8
Stealth        | 4 5 |  5.0
Fire Magic     | |  0.2

Action                   |  1- 3 |  4- 6 |  7- 9 | 10-12 || total
-------------------------+-------+-------+-------+-------++-------
Melee: Dagger            |    30 |    64 |     1 |       ||    95
       Trident           |       |       |   136 |    69 ||   205
       Tailslap          |       |       |       |     2 ||     2
 Cast: Freeze            |    57 |   102 |   108 |    94 ||   361
       Throw Frost       |     1 |    16 |   102 |   184 ||   303
       Ozocubu's Armour  |       |     2 |    12 |     6 ||    20
       Magic Dart        |       |     9 |    15 |       ||    24
       Summon Ice Beast  |       |       |     5 |    11 ||    16
       Throw Icicle      |       |       |       |    12 ||    12
  Use: Scroll            |       |     2 |     1 |     6 ||     9
       Potion            |       |     2 |       |     4 ||     6
 Stab: Sleeping          |       |       |     1 |       ||     1
       Distracted        |       |       |       |     1 ||     1
  Eat: Chunk             |     2 |    19 |    14 |     4 ||    39
       Ration            |       |     2 |     1 |     4 ||     7
Armor: Robe              |     9 |    37 |    85 |    38 ||   169
       Skin              |       |       |       |    33 ||    33
Dodge: Dodged            |    41 |    94 |   150 |   142 ||   427

Table legend:
 A = Spawn XP
 B = Non-spawn XP
 C = Spawn XP percentage of total XP
 D = Spawn monster count
 E = Non-spawn monster count
 F = Spawn count percentage of total count
 G = Total turns spent on level
                    A         B        C        D         E        F      G
               +---------+---------+-------+---------+---------+-------+---------
         Total |       0 |   12158 |   0.0 |       0 |     278 |   0.0 | 14111
               +---------+---------+-------+---------+---------+-------+---------
           D:1 |       0 |      45 |   0.0 |       0 |      23 |   0.0 |  1055
           D:2 |       0 |      90 |   0.0 |       0 |      33 |   0.0 |   944
           D:3 |       0 |     273 |   0.0 |       0 |      32 |   0.0 |  1695
           D:4 |       0 |     261 |   0.0 |       0 |      17 |   0.0 |  1597
           D:5 |       0 |    1779 |   0.0 |       0 |      18 |   0.0 |  1694
           D:6 |       0 |     795 |   0.0 |       0 |      19 |   0.0 |  1063
           D:7 |       0 |    1282 |   0.0 |       0 |      26 |   0.0 |  1439
           D:8 |       0 |    3180 |   0.0 |       0 |      47 |   0.0 |  2482
           D:9 |       0 |    1202 |   0.0 |       0 |      37 |   0.0 |   836
          D:10 |       0 |    1339 |   0.0 |       0 |      13 |   0.0 |   193
        Bailey |       0 |    1912 |   0.0 |       0 |      13 |   0.0 |  1113
               +---------+---------+-------+---------+---------+-------+---------

Vault maps used:
D:1:      dpeg_arrival_long_road, due_unseen_surprise
D:2:      serial_forest, infiniplex_forest_lined_3,
          infiniplex_forest_clump_cross, infiniplex_forest_corner_2,
          infiniplex_forest_clump_large, uniq_robin
D:3:      nicolae_overflow_hidden_temple, lemuel_coloured_pillars_altar,
          first_ration, minmay_strange_pillars
D:4:      minmay_bent
D:5:      marbit_many_paths, solitary_fountain, sigmund_army, uniq_pikel
D:6:      grunt_temple_overflow_open, amethyst_overflow_temple_binary,
          uniq_eustachio, uniq_blork_the_orc, uniq_crazy_yiuf_cottage
D:7:      vehumet_crystals, lemuel_doored_altar,
          yredelemnul_forgotten_temple_becter, minmay_temple_entry_fiery
D:8:      nicolae_tso_besieged_by_evil, nicolae_ashenzari_panopticon,
          basic_altar, enter_bailey_2, serial_shops, nicolae_shop_crystal,
          david_nohive_1, guppyfry_shop_venom
D:9:      nicolae_dithmenos_through_a_glass_darkly, dpeg_oklobed_lair,
          david_orc_5
D:10:     nicolae_ru_awakened_eye, uniq_erolcha
Bailey:   bailey_polearm_1, bailey

Table legend:
 A = Turns spent in this place as a percentage of turns spent in the entire game.
 B = Non-inter-level travel turns spent in this place as a percentage of non-inter-level travel turns spent in the entire game.
 C = Inter-level travel turns spent in this place as a percentage of turns spent in this place.
 D = Turns resting spent in this place as a percentage of non-inter-level travel turns spent in this place.
 E = Turns spent auto-exploring this place as a percentage of non-inter-level travel turns spent in this place.
 F = Non-inter-level travel turns spent in this place divided by the number of levels of this place that you've seen.
                   A       B       C       D       E      F
               +-------+-------+-------+-------+-------+----------------------
         Total | 100.0 | 100.0 |   3.7 |   5.0 |  75.3 | 1235.5
       Dungeon |  92.1 |  91.8 |   4.0 |   3.2 |  78.3 | 1247.8
        Bailey |   7.9 |   8.2 |   0.0 |  25.5 |  41.3 | 1113.0
               +-------+-------+-------+-------+-------+----------------------

Table legend:
 A = Kills in this place as a percentage of kills in entire the game.
 B = Kills by you in this place as a percentage of kills by you in the entire game.
 C = Kills by friends in this place as a percentage of kills by friends in the entire game.
 D = Other kills in this place as a percentage of other kills in the entire game.
 E = Experience gained in this place as a percentage of experience gained in the entire game.
 F = Experience gained in this place divided by the number of levels of this place that you have seen.
                   A       B       C       D       E      F
               +-------+-------+-------+-------+-------+----------------------
         Total | 100.0 | 100.0 | 100.0 |   N/A | 100.0 | 1105.3
       Dungeon |  95.3 |  94.9 | 100.0 |   N/A |  84.3 | 1024.6
        Bailey |   4.7 |   5.1 |   0.0 |   N/A |  15.7 | 1912.0
               +-------+-------+-------+-------+-------+----------------------
